Map: King's Cove LE

Players

Neuro

  • Race: Zerg Zerg
  • League: Grandmaster
  • Spawn Location: 5:00

Jason - Winner!

  • Race: Terran Terran
  • League: Grandmaster
  • Spawn Location: 11:00

VOD

Have the link to the VOD?

Description

Bio Late game TVZ

Time

  • Played on: June 23, 2019, 2:08 p.m.
  • Length: 25:07
Show
View Real Time Build Order
Export as new Build Order

Neuro Zerg 

Build Orders: Hatch First, Muta Ling Bane 

Get SALT Encoding   

  12  0:01  Drone  
  13  0:14  Overlord  
  13  0:18  Drone  
  14  0:32  Drone  
  14  0:33  Drone  
  16  0:36  Drone  
  17  0:54  Hatchery  
  17  0:56  Drone  
  17  0:59  Drone  
  18  1:10  Extractor  
  17  1:16  Spawning Pool  
  17  1:18  Drone  
  17  1:21  Drone  
  18  1:30  Drone  
  19  1:41  Overlord  
  19  1:54  Drone  
  20  2:02  Queen  
  20  2:04  Zergling x2  
  20  2:06  Queen  
  20  2:07  Zergling x2  
  26  2:21  Hatchery  
  25  2:23  Drone  
  25  2:26  Drone  
  27  2:30  Drone  
  27  2:35  Drone  
  29  2:41  Metabolic Boost  
  28  2:44  Overlord  
  28  2:48  Drone  
  28  2:50  Drone  
  30  2:53  Drone  
  30  2:56  Drone  
  32  3:02  Queen  
  32  3:05  Drone  
  35  3:09  Overlord  
  35  3:16  Drone x3  
  38  3:24  Drone x3  
  41  3:27  Drone x2  
  41  3:33  Overlord  
  43  3:34  Drone  
  43  3:35  Drone  
  43  3:41  Queen  
  47  3:48  Drone x3  
  47  3:52  Overlord  
  47  3:54  Baneling Nest  
  47  3:55  Zergling x4  
  50  3:58  Zergling x4  
  52  4:03  Zergling x2  
  52  4:08  Queen, Drone x2  
  57  4:12  Drone x3  
  60  4:19  Queen  
  60  4:21  Overlord  
  60  4:22  Drone x2  
  64  4:31  Overlord  
  64  4:32  Drone x2  
  64  4:34  Overlord  
  64  4:35  Overlord  
  64  4:38  Spore Crawler  
  65  4:39  Spore Crawler  
  65  4:42  Spore Crawler  
  63  4:47  Evolution Chamber, Drone x2  
  63  4:48  Evolution Chamber  
  63  4:53  Queen  
  63  4:54  Drone x2  
  67  5:03  Drone x6  
  67  5:06  Drone x3  
  76  5:10  Drone  
  77  5:18  Drone x4  
  77  5:19  Drone  
  77  5:20  Zerg Ground Armor Level 1  
  81  5:26  Zerg Melee Weapons Level 1  
  81  5:27  Queen  
  81  5:28  Extractor  
  82  5:31  Drone x5  
  82  5:34  Extractor  
  82  5:35  Drone x3  
  89  5:36  Extractor  
  89  5:40  Drone x2  
  90  5:43  Drone  
  90  5:48  Overlord  
  91  5:50  Hatchery  
  91  5:51  Zergling x2  
  91  5:56  Extractor  
  88  6:00  Lair  
  88  6:03  Drone x3  
  90  6:04  Hatchery  
  89  6:12  Zergling x16  
  89  6:16  Extractor  
  96  6:22  Pneumatized Carapace  
  96  6:23  Overlord x3  
  95  6:33  Zergling x14  
  95  6:37  Drone x4  
  103  6:45  Zergling x2  
  104  6:49  Zergling x4  
  105  6:54  Drone x3  
  105  6:58  Zergling x6  
  110  7:01  Centrifical Hooks  
  110  7:04  Drone x4  
  110  7:06  Spire  
  107  7:11  Baneling x2  
  107  7:12  Baneling x7  
  107  7:13  Zergling x14  
  109  7:17  Zergling x2, Queen  
  109  7:20  Queen  
  113  7:23  Baneling  
  113  7:24  Baneling x4  
  113  7:25  Zergling x2  
  113  7:28  Zerg Melee Weapons Level 2  
  114  7:32  Zerg Ground Armor Level 2  
  114  7:37  Overseer  
  114  7:43  Zergling x2  
  114  7:44  Zergling x16  
  121  7:51  Zergling x16  
  119  7:56  Drone x4  
  124  8:08  Overlord x2  
  124  8:18  Zergling x2  
  124  8:19  Overlord x5  
  125  8:21  Hatchery, Baneling x2  
  125  8:22  Zerg Flyer Weapons Level 1  
  124  8:29  Baneling x5  
  124  8:31  Mutalisk x4  
  129  8:36  Zergling x8  
  134  8:43  Mutalisk x5  
  134  8:47  Drone x5  
  148  8:48  Extractor x2  
  148  8:53  Drone x3  
  148  8:55  Mutalisk x2  
  151  8:56  Overseer  
  153  9:03  Mutalisk  
  153  9:09  Mutalisk  
  153  9:13  Mutalisk  
  146  9:19  Mutalisk  
  146  9:21  Zergling x32  
  163  9:34  Infestation Pit  
  162  9:42  Hatchery  
  162  9:44  Zergling x12  
  162  9:45  Zergling x10  
  172  9:58  Baneling x3  
  172  9:59  Baneling x21  
  172  10:01  Zergling x20  
  182  10:13  Zergling x4  
  182  10:15  Overlord x2  
  182  10:16  Overlord x3  
  182  10:17  Hive  
  180  10:25  Mutalisk  
  178  10:29  Zergling x12  
  178  10:31  Baneling x4  
  178  10:33  Drone x4  
  178  10:34  Drone  
  178  10:35  Drone x6  
  191  10:39  Baneling x13  
  191  10:40  Baneling  
  191  10:41  Overseer  
  193  10:48  Drone x7  
  200  11:08  Baneling x5  
  200  11:09  Baneling x14  
  200  11:17  Zergling x2  
  199  11:25  Zergling x22  
  191  11:31  Zerg Ground Armor Level 3, Greater Spire, Zerg Melee Weapons Level 3  
  168  11:34  Zergling x26  
  168  11:39  Extractor  
  180  11:40  Extractor  
  180  11:44  Zergling x12  
  185  11:49  Hatchery  
  184  12:04  Adrenal Glands  
  184  12:05  Zergling x32  
  200  12:13  Spore Crawler  
  198  12:24  Burrow  
  168  12:37  Zergling x8  
  168  12:38  Zergling x38  
  174  12:48  Zergling x20  
  174  12:49  Zergling x10  
  174  12:50  Zerg Flyer Weapons Level 2  
  173  13:03  Corruptor x12  
  176  13:13  Baneling x10  
  175  13:25  Corruptor x7  
  189  13:37  Brood Lord x3  
  189  13:41  Extractor  
  194  13:42  Brood Lord  
  194  13:44  Extractor  
  194  13:48  Baneling x5  
  195  13:51  Drone x4  
  195  13:52  Spore Crawler, Drone  
  197  14:33  Brood Lord  
  197  14:36  Overseer x4  
  199  14:39  Pathogen Glands  
  199  14:53  Baneling  
  199  14:54  Baneling x9  
  199  14:59  Hatchery  
  187  15:03  Brood Lord x6  
  187  15:06  Zerg Flyer Armor Level 1  
  199  15:10  Spine Crawler  
  199  15:11  Corruptor, Spine Crawler  
  199  15:14  Spore Crawler  
  195  15:25  Corruptor  
  195  15:26  Corruptor x2  
  168  15:43  Corruptor x10  
  168  15:45  Zergling x16  
  168  15:46  Zergling x8  
  184  15:50  Corruptor  
  184  15:51  Corruptor x2  
  184  15:52  Drone x4  
  184  15:53  Drone x5  
  184  15:54  Zergling x26  
  175  15:58  Zergling x10  
  175  15:59  Zergling x24  
  170  16:09  Baneling x4  
  164  16:12  Infestor  
  164  16:13  Infestor x2  
  164  16:15  Overlord x4  
  164  16:18  Baneling x5  
  170  16:19  Overseer  
  170  16:29  Nydus Network  
  168  16:35  Overseer  
  168  16:38  Overseer x2  
  168  16:46  Ultralisk Cavern  
  166  16:48  Infestor x2  
  166  16:52  Zergling x2  
  166  16:53  Zergling x22  
  177  16:55  Zergling x2  
  177  16:56  Zergling x18  
  187  17:09  Zergling x22  
  187  17:13  Baneling  
  187  17:14  Hatchery, Baneling x10  
  194  17:40  Baneling x2, Neural Parasite  
  194  17:46  Baneling x4  
  194  17:47  Chitinous Plating  
  194  17:56  Nydus Canal  
  194  18:05  Baneling x7  
  172  18:21  Overlord x3  
  130  18:39  Ultralisk x9  
  167  18:42  Zergling x20  
  167  18:45  Baneling x6  
  175  18:57  Extractor  
  175  18:58  Overseer  
  175  19:01  Zerg Flyer Weapons Level 3  
  174  19:15  Corruptor x4  
  182  19:23  Hatchery, Baneling x6  
  177  19:40  Zergling x34  
  189  19:49  Drone x6  
  187  19:55  Infestor x4  
  195  20:05  Zergling x16  
  200  20:24  Spore Crawler  
  200  20:26  Spine Crawler  
  200  20:27  Infestor x2, Spine Crawler  
  200  20:28  Infestor  
  191  20:43  Corruptor  
  191  20:44  Corruptor x3  
  191  20:47  Extractor  
  192  20:50  Zergling x2  
  192  20:51  Zergling x10  
  192  20:59  Zergling x30  
  179  21:06  Zergling x22  
  179  21:07  Zergling x8  
  179  21:09  Infestor  
  183  21:15  Zergling x14  
  183  21:18  Zergling x6  
  185  21:22  Drone x4  
  185  21:24  Baneling x5  
  185  21:25  Baneling  
  144  21:35  Ultralisk  
  144  21:39  Baneling x13  
  150  21:40  Baneling x2  
  150  21:50  Ultralisk x2, Zergling x2  
  150  21:51  Zergling x6  
  166  22:05  Overseer  
  166  22:06  Overseer  
  166  22:12  Zerg Flyer Armor Level 2  
  166  22:17  Drone x7  
  166  22:19  Extractor  
  172  22:23  Corruptor x2  
  172  22:24  Overseer  
  172  22:27  Zergling x12  
  172  22:28  Zergling x30  
  190  22:47  Nydus Canal  
  182  22:53  Overlord x5  
  182  22:54  Lair  
  182  23:03  Nydus Canal  
  178  23:14  Baneling x9  
  178  23:15  Ultralisk x2, Zergling x2  
  178  23:16  Zergling x32  
  183  23:23  Zergling x20  
  183  23:24  Zergling x4  
  194  23:34  Hatchery  
  194  23:36  Infestor x2  
  183  23:42  Baneling x5  
  183  23:43  Baneling  
  183  23:45  Zergling x10  
  183  23:46  Zergling x14  
  172  23:57  Ultralisk  
  138  24:11  Extractor  
  138  24:13  Ultralisk  
  126  24:17  Zergling x42  
  126  24:18  Zergling x6  
  147  24:25  Baneling  
  147  24:26  Baneling x7  
  147  24:27  Zergling x4  
  149  24:33  Zergling x14  
  149  24:35  Corruptor  
  145  24:38  Zergling x4  
  145  24:41  Zergling x10  
  145  24:44  Zergling x4  
  132  24:49  Zergling x6  
  115  25:03  Extractor  
Show
View Real Time Build Order
Export as new Build Order

Jason Terran - Winner!

Build Orders: Reaper Expand, Hellion Banshee 

Get SALT Encoding   

  12  0:00  SCV  
  13  0:13  SCV  
  14  0:18  Supply Depot  
  14  0:25  SCV  
  15  0:39  SCV  
  15  0:41  Barracks  
  16  0:45  Refinery  
  16  0:51  SCV  
  17  1:03  SCV  
  18  1:15  SCV  
  19  1:33  Reaper, Orbital Command  
  20  1:43  Command Center  
  20  1:52  Supply Depot  
  20  1:59  SCV  
  21  2:05  Marine  
  22  2:12  SCV  
  22  2:13  Factory  
  23  2:17  Refinery  
  23  2:23  Barracks Reactor  
  23  2:24  SCV  
  24  2:38  SCV  
  25  2:51  SCV  
  26  2:55  Orbital Command  
  26  2:59  Starport  
  26  3:03  SCV  
  27  3:07  Barracks Tech Lab, Hellion x2  
  31  3:15  SCV  
  31  3:19  Supply Depot  
  32  3:21  SCV  
  33  3:28  Hellion x2  
  33  3:29  SCV  
  33  3:33  SCV  
  39  3:45  Banshee, Cloaking Field  
  39  3:46  Barracks Tech Lab  
  39  3:48  SCV x2  
  44  3:51  Supply Depot  
  46  3:55  Hellion  
  46  3:56  Hellion  
  46  4:01  SCV x2  
  50  4:04  Marine  
  50  4:08  Stimpack  
  51  4:13  SCV x2  
  53  4:18  Supply Depot  
  52  4:25  SCV  
  52  4:27  SCV  
  54  4:32  Factory Reactor, Banshee  
  54  4:37  SCV  
  58  4:39  SCV  
  58  4:42  Command Center  
  59  4:47  Barracks  
  59  4:49  Barracks, SCV  
  59  4:51  SCV  
  59  4:52  Marine  
  62  4:58  Supply Depot  
  62  5:01  SCV  
  62  5:03  SCV  
  64  5:10  Engineering Bay  
  64  5:11  Refinery, Engineering Bay  
  64  5:12  Refinery  
  64  5:13  SCV  
  65  5:16  SCV  
  66  5:22  Marine  
  66  5:25  SCV  
  66  5:28  Starport Reactor, SCV  
  69  5:33  Siege Tank  
  72  5:37  SCV, Supply Depot  
  72  5:40  SCV  
  74  5:43  Terran Infantry Weapons Level 1, Terran Infantry Armor Level 1  
  74  5:45  Marine x3  
  74  5:46  Marine  
  78  5:53  Marine, SCV x2  
  82  6:03  Marine x2  
  83  6:05  SCV, Medivac x2  
  83  6:07  SCV  
  83  6:08  Marine x2, Supply Depot  
  83  6:11  Siege Tank  
  94  6:15  Combat Shield  
  94  6:18  SCV  
  95  6:19  SCV  
  95  6:25  Barracks x2  
  96  6:30  Orbital Command, SCV  
  97  6:35  Marine x3  
  97  6:36  Marine  
  97  6:37  Marine  
  102  6:40  SCV  
  102  6:43  Supply Depot  
  103  6:50  Armory  
  103  6:51  Medivac  
  103  6:52  Medivac  
  103  6:53  Marine x2  
  109  7:05  SCV x3  
  109  7:06  Supply Depot  
  109  7:07  Refinery, Supply Depot  
  112  7:12  Marine x4  
  112  7:13  Barracks Reactor x2  
  114  7:17  SCV x3  
  114  7:20  Refinery  
  117  7:27  Marine  
  117  7:29  Marine, SCV, Supply Depot  
  119  7:30  Marine  
  119  7:31  Marine x2  
  119  7:32  Supply Depot  
  119  7:33  Siege Tank  
  126  7:45  Marine  
  126  7:47  Marine x2  
  126  7:51  Marine x6  
  115  7:52  SCV x2  
  115  7:53  SCV  
  115  7:56  Terran Infantry Armor Level 2, Terran Infantry Weapons Level 2  
  123  8:03  Marine  
  123  8:05  Marine x2  
  124  8:07  Factory  
  124  8:09  Marine x3  
  124  8:11  Command Center  
  129  8:13  Marine x2  
  129  8:16  Marine  
  132  8:21  Marine  
  132  8:23  Marine x2  
  132  8:25  Supply Depot  
  132  8:26  Marine, Supply Depot  
  136  8:27  Terran Vehicle Weapons Level 1  
  136  8:32  Marine x3  
  139  8:42  Marine x3  
  139  8:44  Marine x2  
  139  8:46  Marine  
  139  8:47  Siege Tank  
  148  8:50  Marine x3, Supply Depot  
  151  9:00  Marine  
  152  9:05  Marine x5  
  152  9:07  Factory Tech Lab, Missile Turret  
  152  9:08  Marine  
  158  9:10  Missile Turret  
  158  9:12  Missile Turret  
  145  9:18  Marine  
  145  9:19  Marine x2  
  145  9:22  Missile Turret  
  145  9:23  Missile Turret, Marine x2  
  147  9:28  SCV x3  
  147  9:30  Siege Tank  
  150  9:33  Marine x3  
  150  9:34  Missile Turret  
  150  9:35  Missile Turret  
  153  9:39  Marine x2  
  153  9:43  Planetary Fortress  
  158  9:46  Marine  
  158  9:47  Marine x2  
  158  9:50  Medivac  
  163  9:53  Medivac  
  163  9:55  Marine  
  163  9:56  Marine  
  163  9:58  Marine  
  165  10:00  Marine x2, Siege Tank  
  165  10:01  Marine  
  168  10:10  Marine  
  168  10:11  Marine x2  
  168  10:13  Marine x2  
  168  10:18  SCV  
  168  10:19  SCV  
  161  10:32  Missile Turret  
  161  10:34  Missile Turret  
  161  10:35  Barracks  
  161  10:36  SCV  
  161  10:37  Refinery, Barracks, SCV x2  
  161  10:38  Refinery, Barracks  
  161  10:39  Sensor Tower  
  161  10:42  Factory Tech Lab  
  164  10:43  Marine  
  164  10:45  Marine x3  
  164  10:48  Thor  
  174  10:53  SCV  
  174  10:54  Sensor Tower, SCV  
  176  11:02  Marine x2  
  176  11:03  Marine x4  
  180  11:08  Terran Infantry Armor Level 3, Terran Infantry Weapons Level 3  
  180  11:17  Marine  
  180  11:18  Marine x2, Siege Tank  
  169  11:20  Marine x3  
  169  11:21  Marine x3  
  166  11:31  Siege Tank  
  156  11:35  Marine x2  
  156  11:36  Marine  
  156  11:37  Barracks Tech Lab x2, Command Center  
  156  11:38  Barracks Tech Lab, Marine  
  160  11:43  Terran Ship Weapons Level 1  
  160  11:47  Starport x2  
  160  11:58  Marine x2  
  160  11:59  Marine  
  160  12:00  Marauder x2  
  160  12:01  Marine, Marauder  
  172  12:05  Marauder  
  169  12:15  Barracks Tech Lab  
  169  12:17  Siege Tank  
  169  12:21  Marauder  
  169  12:22  Command Center  
  174  12:23  Viking  
  174  12:24  Viking  
  174  12:28  Viking  
  174  12:29  Viking  
  141  12:45  Command Center  
  141  12:46  Command Center  
  141  12:51  SCV x3  
  141  12:53  Viking  
  141  12:54  Viking  
  145  12:58  Viking  
  145  12:59  Viking  
  145  13:03  SCV  
  149  13:08  SCV  
  149  13:18  Marine x2  
  151  13:23  Viking x2, Siege Tank, Command Center  
  158  13:28  Viking  
  158  13:29  Medivac  
  158  13:32  Marine x3, Siege Tank  
  158  13:33  Marauder  
  170  13:38  Sensor Tower  
  170  13:40  Planetary Fortress  
  170  13:45  Marine  
  170  13:46  Marauder  
  173  13:53  Viking, Medivac  
  177  14:03  Viking x2, Ghost Academy  
  180  14:16  Marine  
  181  14:18  Marine  
  178  14:25  Viking x2  
  178  14:26  Marauder x2  
  178  14:29  Thor x2  
  198  14:39  Ghost  
  198  14:40  Missile Turret  
  198  14:41  Personal Cloaking  
  198  14:42  Missile Turret  
  198  14:44  Missile Turret  
  200  14:59  Missile Turret  
  200  15:01  Missile Turret  
  200  15:07  Sensor Tower  
  200  15:10  Orbital Command  
  200  15:19  Command Center  
  200  15:20  Sensor Tower  
  198  15:26  Marine x3, Marauder  
  198  15:27  Marauder  
  197  15:31  Ghost x3  
  186  15:47  Ghost x2  
  186  15:49  Marine x2  
  180  15:50  Marine  
  180  15:52  Marine x2  
  163  15:59  Ghost x2  
  163  16:00  Ghost, Marine  
  159  16:07  Marine x2  
  159  16:08  Marine  
  159  16:10  Marine x2  
  164  16:13  Orbital Command  
  164  16:14  SCV x3  
  164  16:15  Ghost  
  164  16:16  Ghost  
  164  16:17  Marine  
  172  16:25  Marine x2  
  174  16:26  Marine  
  174  16:28  Refinery, Marine, Marauder  
  174  16:30  Starport Reactor  
  174  16:31  Refinery, Starport Reactor  
  174  16:32  Neosteel Armor  
  175  16:36  Refinery  
  175  16:37  Planetary Fortress  
  175  16:40  Marine  
  175  16:41  Marine x2  
  181  16:47  Siege Tank  
  181  16:52  Marine x3  
  181  16:53  Marauder  
  186  17:00  Siege Tank  
  189  17:01  Marine x2  
  189  17:02  Marine, Marauder  
  189  17:04  Refinery  
  194  17:14  Marine x2, Marauder  
  198  17:18  Marine x2  
  198  17:20  Orbital Command  
  200  17:27  Siege Tank  
  200  17:29  Marine x2, Marauder  
  194  17:31  Marine  
  194  17:33  Siege Tank  
  194  17:35  Marine x2  
  199  17:47  Command Center  
  199  17:53  Engineering Bay  
  199  17:55  Marine  
  200  18:32  Siege Tank  
  200  18:33  Marine  
  144  18:36  Marine x4, Marauder  
  144  18:37  Viking x4, Marauder  
  144  18:38  Viking x2  
  156  18:43  Marine x3  
  156  18:44  Marauder  
  161  18:51  Marine  
  161  18:53  Marine  
  161  18:54  Marine  
  164  18:56  Siege Tank, Supply Depot  
  164  18:58  SCV  
  168  19:07  Viking x2, Siege Tank  
  168  19:08  Marine x3  
  168  19:09  Marauder  
  180  19:11  Sensor Tower  
  180  19:13  Marine x2  
  180  19:16  Marine, Supply Depot  
  180  19:17  Marine  
  183  19:19  Medivac x2  
  183  19:21  Medivac  
  190  19:26  Medivac  
  190  19:27  Marine x2, Marauder  
  190  19:28  Siege Tank  
  199  19:45  Marine  
  200  20:04  Marauder  
  195  20:08  Marauder x2  
  195  20:12  Command Center  
  199  20:16  Marine, Command Center  
  200  20:21  Command Center  
  200  20:22  Command Center  
  200  20:24  Command Center  
  200  20:39  Marauder  
  198  20:43  Marauder  
  151  21:04  Marine x2  
  151  21:05  Marine, Marauder x3  
  151  21:06  Marauder  
  151  21:18  Liberator  
  148  21:22  Planetary Fortress, Siege Tank x2  
  150  21:30  Marine x3  
  150  21:31  Marauder x2  
  150  21:32  Viking x2  
  140  21:33  Viking x2  
  140  21:34  Viking  
  140  21:35  Marine x2  
  140  21:36  Orbital Command, Marine, Marauder x3  
  140  21:37  Orbital Command  
  140  21:38  Planetary Fortress  
  158  21:44  Liberator  
  158  21:45  Liberator  
  158  21:46  Liberator x2  
  158  21:47  Liberator, Refinery  
  158  21:48  Marine x3  
  158  21:52  Marauder x2  
  158  21:53  Marine x3  
  168  21:55  Orbital Command  
  168  21:57  Marine x2, Marauder  
  172  22:06  Marine  
  188  22:09  Marine, Planetary Fortress  
  188  22:14  Marauder  
  189  22:40  Marine x3, Marauder  
  191  22:48  Marine  
  191  22:49  Marine x2, Marauder x3  
  191  22:50  Siege Tank x2, Marauder  
  191  22:51  Viking x4, Medivac x2  
  179  22:57  Marine  
  186  23:01  Ghost, Marine  
  189  23:08  Marine x2  
  189  23:10  Ghost x2  
  189  23:11  Marauder x2  
  196  23:21  Medivac x2  
  196  23:26  Sensor Tower  
  200  23:38  Medivac  
  196  23:46  Missile Turret  
  196  23:48  Marine x2  
  172  23:49  Marauder  
  172  23:50  Viking x2  
  172  23:51  Viking, Marine x2  
  172  23:52  Marine x2, Marauder x2  
  172  23:53  Viking  
  172  23:54  Viking  
  185  23:59  Command Center  
  179  24:07  Ghost x2  
  179  24:08  Viking  
  180  24:15  Marine x2  
  180  24:17  Marine x3, Marauder  
  167  24:18  Siege Tank x2, Marauder  
  167  24:20  Viking x2  
  167  24:23  Marine x2  
  167  24:24  Command Center  
  186  24:33  Marine x2  
  186  24:34  Marine  
  186  24:35  Marine x2  
  186  24:36  Marauder x2  
  191  24:39  Marauder x2  
  191  24:41  Marine  
  191  24:42  Marauder  
Tags
 
Add a new tag
Caveats
  • Supply blocks, unpowered buildings, or Contaminate may cause inaccurate times.
  • Supply counts are checked every 10 seconds.